Map: Lost and Found LE

Players

Vrajitoru - Winner!

  • Race: Zerg Zerg
  • League: Silver
  • Spawn Location: 1:00

JOHNY

  • Race: Protoss Protoss
  • Spawn Location: 7:00

VOD

Have the link to the VOD?

Description

Time

  • Played on: Oct. 21, 2018, 11:53 a.m.
  • Length: 10:50
Show
View Real Time Build Order
Export as new Build Order

Vrajitoru Zerg - Winner!

Build Orders: Hatch First 

Get SALT Encoding   

  12  0:02  Drone  
  13  0:13  Overlord  
  13  0:19  Drone  
  14  0:32  Drone x2  
  16  0:51  Hatchery  
  16  0:53  Drone  
  16  0:58  Drone  
  17  1:04  Drone  
  18  1:12  Extractor  
  18  1:18  Spawning Pool  
  16  1:20  Drone  
  16  1:25  Drone  
  18  1:34  Drone  
  19  1:45  Overlord  
  19  1:54  Drone  
  20  2:04  Queen  
  20  2:05  Queen  
  20  2:07  Zergling x4  
  26  2:19  Drone x2  
  28  2:23  Drone  
  28  2:26  Drone  
  30  2:30  Metabolic Boost  
  30  2:51  Zergling x4  
  31  2:52  Zergling x4  
  34  3:16  Lair  
  34  3:22  Roach Warren  
  34  3:24  Evolution Chamber  
  32  3:29  Drone  
  32  3:30  Drone  
  32  3:32  Overlord x2  
  34  3:39  Pneumatized Carapace  
  34  3:49  Extractor  
  34  3:50  Drone x2  
  34  3:51  Drone  
  36  3:58  Drone x2  
  36  3:59  Drone x3  
  41  4:10  Roach  
  43  4:19  Extractor  
  43  4:21  Extractor, Drone  
  43  4:22  Drone x3  
  45  4:41  Roach x3  
  45  4:42  Overlord  
  45  4:43  Overlord  
  51  4:50  Zerg Missile Weapons Level 1  
  51  4:58  Glial Reconstitution  
  51  5:02  Drone x2  
  51  5:03  Drone x2  
  55  5:09  Overseer  
  55  5:18  Drone x2  
  57  5:22  Drone x2  
  59  5:29  Roach x4  
  59  5:32  Overlord x2  
  67  5:53  Roach x3  
  73  6:02  Roach  
  75  6:07  Roach x2  
  79  6:12  Roach x2  
  79  6:14  Overlord x2  
  79  6:15  Overlord x2  
  83  6:21  Drone  
  83  6:25  Hydralisk Den  
  83  6:32  Queen  
  85  6:40  Hatchery  
  81  7:00  Roach x6  
  81  7:01  Roach x4  
  89  7:20  Roach  
  89  7:21  Roach x3  
  93  7:43  Hydralisk x4  
  89  8:08  Drone x2  
  63  8:49  Hydralisk x3  
  63  8:50  Hydralisk x7  
  63  8:51  Hydralisk x5  
  87  9:07  Queen  
  81  9:22  Muscular Augments  
  81  9:33  Hydralisk x6  
  81  9:34  Hydralisk x3  
  99  9:43  Drone x6  
Show
View Real Time Build Order
Export as new Build Order

JOHNY Protoss 

Build Orders:  

Get SALT Encoding   

  1  0:00  Probe  
  13  0:13  Probe  
  14  0:26  Pylon  
  14  0:35  Assimilator  
  14  0:38  Probe  
  15  0:50  Probe, Gateway  
  16  0:58  Probe, Pylon  
  17  1:17  Gateway  
  17  1:22  Probe  
  17  1:25  Pylon  
  18  1:34  Probe  
  19  1:40  Assimilator  
  19  1:42  Zealot  
  19  1:46  Probe  
  22  1:56  Forge  
  22  2:03  Cybernetics Core  
  22  2:06  Zealot  
  24  2:08  Probe  
  25  2:16  Zealot  
  27  2:45  Nexus  
  27  2:59  Pylon  
  27  3:04  Pylon  
  27  3:08  Zealot  
  29  3:21  Probe  
  30  3:31  Probe  
  30  3:36  Sentry  
  33  3:41  Probe  
  34  3:48  Photon Cannon  
  34  3:53  Photon Cannon  
  34  4:02  Stalker  
  36  4:03  Probe  
  37  4:15  Probe  
  38  4:28  Probe  
  39  4:35  Pylon  
  39  4:37  Pylon  
  39  4:40  Probe  
  39  4:41  Pylon  
  40  4:51  Probe  
  41  4:57  Stargate  
  41  4:59  Probe  
  41  5:02  Probe  
  43  5:07  Probe  
  43  5:12  Stargate  
  44  5:16  Stargate  
  44  5:18  Probe  
  45  5:22  Stargate  
  45  5:28  Zealot  
  47  5:35  Probe  
  48  5:44  Assimilator  
  48  5:55  Zealot  
  48  5:56  Probe  
  50  6:00  Assimilator  
  51  6:04  Probe  
  51  6:06  Void Ray  
  56  6:13  Probe  
  57  6:22  Zealot  
  59  6:25  Probe  
  60  6:38  Probe  
  61  6:42  Void Ray  
  65  6:49  Zealot  
  67  6:58  Probe  
  68  7:10  Probe  
  61  7:16  Zealot  
  61  7:20  Void Ray  
  48  7:45  Void Ray  
  40  8:03  Void Ray  
  31  8:12  Void Ray  
  28  8:16  Probe  
  30  8:28  Probe, Void Ray  
  34  8:40  Probe  
  32  8:45  Void Ray  
  35  8:52  Probe  
  36  9:04  Probe  
  37  9:14  Probe  
  38  9:22  Probe  
  38  9:26  Void Ray  
  38  9:31  Probe  
  44  9:43  Probe  
  44  9:44  Nexus  
  45  9:52  Probe  
  46  10:00  Probe  
  47  10:08  Probe  
  48  10:18  Probe  
  29  10:30  Probe  
Tags
 
League
Silver
Matchup
PvZ
Spawn Locations
Cross Positions
Add a new tag
Caveats
  • Supply blocks, unpowered buildings, or Contaminate may cause inaccurate times.
  • Supply counts are checked every 10 seconds.